cohdb
Replays
Latest Replays
All Replays
Popular Replays
Top Player Replays
Match Explorer
How It Works
Community
CoH3 Stats
Reddit
Sign in to upload your games and track your stats! →
Sign in with Steam
Match 25896039
Unlisted
Match 25896039
Overview
Messages
Build Orders
End
Selects Italian Infantry
Selects Armored Support Battlegroup
Panzergrenadier Squad
Kradschützen Motorcycle Team
Panzergrenadier Squad
250 Light Carrier
Construct Light Support Kompanie
Assault Grenadier Squad
Fire Support Elements
Selects Superior Fire Drills
Flakvierling Half-track
Panzergrenadier Squad
Advanced Field Repairs
Construct Mechanized Kompanie
Support Armor Elements
Marder III Tank Destroyer
Panzerjäger Mechanized Group
8 Rad Armored Car
Selects Flammpanzer III Medium Tank Sd.Kfz. 141
Marder III Tank Destroyer
StuG III D Assault Gun
StuG III D Assault Gun
StuG III D Assault Gun
Selects Battlefield Salvage
Marder III Tank Destroyer
Panzergrenadier Squad
Combat Half-tracks
Selects Vehicle Awareness
Marder III Tank Destroyer
CPU - Experto
CPU - Experto
CPU - Experto
kisiu80
Bitzpleze
Eber
0
0
Comments
sign in to comment!
No comments posted yet!